 Dungeon Crawl Stone Soup version 0.19.5 (webtiles) character file.

1970 BugsBunnySan the Gouger (level 9, -9/39 HPs)
             Began as a Felid Berserker on Mar 1, 2017.
             Was a Priest of Trog.
             Shot with an arrow by a centaur (15 damage)
             ... on level 7 of the Dungeon.
             The game lasted 00:20:46 (8474 turns).

BugsBunnySan the Gouger (Felid Berserker)           Turns: 8474, Time: 00:20:47

Health: -9/39      AC:  2    Str: 13    XL:     9   Next: 0%
Magic:  0/10       EV: 26    Int:  8    God:    Trog [***...]
Gold:   450        SH:  0    Dex: 19    Spells: 0 memorised, 8 levels left
                                        Lives:  0   Deaths: 2

rFire  . . .     SeeInvis +       - Unarmed
rCold  . . .     Gourm    .     (armour unavailable)
rNeg   . . .     Faith    .     (shield unavailable)
rPois  .         Spirit   +     (helmet unavailable)
rElec  .         Reflect  .     (cloak unavailable)
rCorr  .         Harm     .     (gloves unavailable)
MR     +++..                    (boots unavailable)
Stlth  ++++......               w - amulet of guardian spirit
                                (no ring)
                                (no ring)

@: exhausted, regenerating, slowed, slow
A: no armour, no weapons or thrown items, stealth, claws 1, fangs 3, see
invisible, carnivore 3, speed 1, shaggy fur 2, slow metabolism 1, sharp paws
a: Berserk, Trog's Hand, Burn Spellbooks, Renounce Religion


You were on level 7 of the Dungeon.
You worshipped Trog.
Trog was most pleased with you.
You were full.

You visited 2 branches of the dungeon, and saw 9 of its levels.
You also visited: Sewer.

You collected 450 gold pieces.

Inventory:

Jewellery
 l - an uncursed amulet of harm
 t - an uncursed ring of flight
 u - an uncursed ring of flight
 w - an amulet of guardian spirit (around neck)
Wands
 f - a wand of paralysis (9/24)
 o - a wand of digging (10/24)
 r - a wand of teleportation (2/9)
Scrolls
 b - 2 scrolls of fear
 c - 2 scrolls of magic mapping
 e - a scroll of immolation
 h - a scroll of remove curse
 j - 2 scrolls of teleportation
 m - 4 scrolls of identify
 n - a scroll of fog
 s - a scroll of vulnerability {unknown}
 y - a scroll of torment {unknown}
Potions
 d - a potion of magic
 g - 4 potions of flight
 i - a potion of lignification
 q - 2 potions of brilliance
 v - a potion of might
Comestibles
 a - 5 meat rations
 k - a slice of pizza


   Skills:
 + Level 4.3 Fighting
 + Level 9.1 Dodging
 + Level 7.9 Stealth
 + Level 11.0 Unarmed Combat


You had 8 spell levels left.
You didn't know any spells.

Dungeon Overview and Level Annotations

Branches:
Dungeon (8/15)             Temple (1/1) D:4
   Lair: D:8-11

Altars:
Ashenzari
Dithmenos
Elyvilon
Fedhas
Gozag
Hepliaklqana
Kikubaaqudgha
Nemelex Xobeh
Okawaru
Qazlal
Ru
Sif Muna
Trog
Uskayaw
Vehumet
Xom
Yredelemnul
Zin
The Shining One


Innate Abilities, Weirdness & Mutations

You cannot wear armour.
You are incapable of wielding weapons or throwing items.
Your paws allow you to move quietly. (Stealth)
You have sharp claws.
You have razor-sharp teeth.
You have supernaturally acute eyesight. (SInv)
You are carnivorous and can eat meat at any time.
You cover ground quickly.
You are covered in thick fur. (AC +2)
You have a slow metabolism.
Your sharp claws are effective at attacking unaware monsters.


Message History

The centaur wields a shortbow.
The centaur shoots an arrow.
The arrow hits you!
The centaur shoots an arrow.
The arrow barely misses you.
You see here 2 arrows.
The centaur shoots an arrow.
The arrow hits you.
You see here an arrow.
The centaur shoots an arrow.
The arrow hits you!
* * * LOW HITPOINT WARNING * * *
You see here an arrow.
The centaur shoots an arrow.
The arrow misses you.
The centaur shoots an arrow.
The arrow hits you!
* * * LOW HITPOINT WARNING * * *
You see here 2 arrows.
Your skin stops crawling.
You feel less resistant to hostile enchantments.
The centaur shoots an arrow.
The arrow misses you.
You see here an arrow.
Your skin crawls.
You feel resistant to hostile enchantments.
You feel somewhat less full.
The centaur shoots an arrow.
The arrow hits you!
You die...

#.## #... ###############
#### #......##[....#
#####
#.####.##.###.###...##
#.####.##.###.##.....#
#.##...##.#....(.....#
#.##.#.##.#.#c##.....#
#.##.#....@...###(..##
#......######## ##.##
###.....# ###(#####
#..##.# #..(....####
#(.##.########...(......#
#...#.#............c....)
#.#.#.#.....\..#.......[)
#.....#........##........
#.#####........##......>.


You could see a centaur.

Vanquished Creatures
  A fire crab (D:7)
  The ghost of BugsBunnySan the Cutter, a novice HuFi of Uskayaw (D:5)
  Grinder (D:6)
  Sigmund (D:3)
  Eustachio (D:6)
  An orc warrior (D:7)
  2 sky beasts
  A black bear (D:6)
  2 ogres
  4 big kobolds (Sewer)
  2 bullfrogs
  4 scorpions
  2 howler monkeys (D:7)
  2 crimson imps (D:6)
  3 hounds
  An orc priest (D:7)
  A jelly (D:7)
  An orc wizard (D:4)
  A bullfrog skeleton (D:7)
  4 worker ants
  Terence (D:2)
  2 killer bee zombies (D:7)
  Robin (D:3)
  14 adders
  4 gnolls (D:5)
  A howler monkey skeleton (D:4)
  A shadow imp (D:5)
  An ooze (Sewer)
  An adder skeleton (D:4)
  An adder zombie (D:7)
  A worm (D:4)
  A dart slug (D:3)
  5 leopard geckos
  11 orcs
  4 ball pythons
  8 bats
  5 giant cockroaches
  12 goblins
  14 hobgoblins
  9 jackals
  7 frilled lizards
  14 kobolds
  8 rats
  A fungus (Sewer)
163 creatures vanquished.

Vanquished Creatures (others)
  A phantom (D:4)
  A hound skeleton (D:4)
2 creatures vanquished.

Grand Total: 165 creatures vanquished

Notes
Turn   | Place    | Note
-------+----------+-------------------------------------------
     0 | D:1      | BugsBunnySan the Felid Berserker began the quest for the Orb.
     0 | D:1      | Reached XP level 1. HP: 10/10 MP: 2/2
   612 | D:1      | Reached XP level 2. HP: 14/14 MP: 3/3
  1117 | D:1      | You fall through a shaft!
  1242 | D:2      | Reached skill level 1 in Stealth
  1242 | D:2      | Reached XP level 3. HP: 16/17 MP: 4/4
  1626 | D:2      | Reached XP level 4. HP: 14/21 MP: 5/5
  1740 | D:2      | Reached skill level 5 in Dodging
  1799 | D:2      | Noticed Terence
  1804 | D:2      | Killed Terence
  1804 | D:2      | Reached skill level 4 in Unarmed Combat
  2314 | D:3      | You fall through a shaft!
  2314 | D:4      | Found a glowing drain.
  2334 | D:4      | Reached ** piety under Trog
  2339 | D:4      | HP: 1/31 [poisoned by a scorpion]
  2340 | D:4      | Succumbed to a scorpion's poison
  2341 | D:4      | Reached XP level 3. HP: 0/25 MP: 4/4
  2365 | D:4      | Killed a scorpion
  2365 | D:4      | Reached XP level 4. HP: 5/21 MP: 5/5
  2374 | D:4      | HP: 1/21 [poisoned by a scorpion]
  2458 | Sewer    | Entered a sewer
  2677 | Sewer    | Noticed a big kobold
  2677 | Sewer    | Noticed a big kobold
  2677 | Sewer    | Noticed a big kobold
  2681 | Sewer    | Killed a big kobold
  2681 | Sewer    | Reached skill level 5 in Unarmed Combat
  2681 | Sewer    | Reached XP level 5. HP: 24/24 MP: 6/6
  2689 | Sewer    | Gained mutation: You are covered in thick fur. (AC +2) [Felid growth]
  2689 | Sewer    | Reached XP level 6. HP: 22/28 MP: 7/7
  3295 | D:3      | Noticed Robin
  3465 | D:3      | Killed Robin
  3465 | D:3      | Reached skill level 6 in Unarmed Combat
  3656 | D:3      | Noticed Sigmund
  3670 | D:3      | Killed Sigmund
  3670 | D:3      | Reached XP level 7. HP: 31/31 MP: 8/8
  3773 | D:3      | Found a stormy altar of Qazlal.
  3829 | D:3      | Reached *** piety under Trog
  4113 | D:3      | Found a sacrificial altar of Ru.
  4629 | D:5      | Entered Level 5 of the Dungeon
  4821 | D:4      | Found a staircase to the Ecumenical Temple.
  4830 | Temple   | Entered the Ecumenical Temple
  5572 | D:5      | Reached skill level 7 in Unarmed Combat
  5941 | D:5      | Noticed BugsBunnySan's ghost (novice HuFi)
  5950 | D:5      | Killed BugsBunnySan's ghost
  5950 | D:5      | Reached skill level 5 in Stealth
  5950 | D:5      | Reached skill level 8 in Unarmed Combat
  5950 | D:5      | Reached XP level 8. HP: 36/36 MP: 9/9
  6143 | D:5      | Found a shadowy altar of Dithmenos.
  6145 | D:5      | Found a bloodstained altar of Trog.
  6959 | D:6      | Reached skill level 9 in Unarmed Combat
  7337 | D:6      | Noticed Grinder
  7338 | D:6      | Noticed Eustachio
  7369 | D:6      | Killed Grinder
  7369 | D:6      | Reached XP level 9. HP: 39/39 MP: 10/10
  7374 | D:6      | Killed Eustachio
  7791 | D:8      | Reached skill level 10 in Unarmed Combat
  8230 | D:7      | Found a hide-covered altar of Uskayaw.
  8230 | D:7      | Found a glowing silver altar of Zin.
  8367 | D:7      | Noticed a fire crab
  8374 | D:7      | Engulfed by a fire crab's flame
  8375 | D:7      | Reached XP level 8. HP: -14/54 MP: 0/9
  8454 | D:7      | Killed a fire crab
  8454 | D:7      | Reached skill level 11 in Unarmed Combat
  8454 | D:7      | Reached XP level 9. HP: 39/39 MP: 6/10
  8474 | D:7      | Shot with an arrow by a centaur

Skill      XL: |  1  2  3  4  5  6  7  8  9 |
---------------+----------------------------+-----
Stealth        | 1 3 4 5 6 7 |  7.9
Dodging        | 5 6 8 9 |  9.1
Unarmed Combat | 5 6 8 11 10 | 11.0
Fighting       | 4 |  4.3

Action                   |  1- 3 |  4- 6 |  7- 9 || total
-------------------------+-------+-------+-------++-------
Melee: Unarmed           |   106 |   156 |   284 ||   546
       Punch             |     1 |     2 |    13 ||    16
       Bite              |     6 |    16 |    34 ||    56
Invok: Berserk           |       |     6 |     7 ||    13
       Trog's Hand       |       |     3 |     6 ||     9
  Use: Potion            |     1 |    11 |     4 ||    16
       Scroll            |       |       |    12 ||    12
 Stab: Sleeping          |     8 |     4 |    11 ||    23
       Distracted        |       |       |     1 ||     1
  Eat: Chunk             |     9 |    14 |    19 ||    42
Armor: Skin              |     7 |    60 |     9 ||    76
Dodge: Dodged            |    94 |   222 |   225 ||   541
